 Dungeon Crawl Stone Soup version 0.21.1-1-g345015fe64 (webtiles) character file.

851 Henning the Chopper (level 7, -10/61 HPs)
             Began as a Minotaur Fighter on June 19, 2018.
             Was an Initiate of Trog.
             Mangled by an orc warrior
             ... wielding a +0 flail
              (24 damage)
             ... on level 5 of the Dungeon.
             The game lasted 00:06:42 (3842 turns).

Henning the Chopper (Minotaur Fighter)              Turns: 3842, Time: 00:06:43

Health: -10/61     AC:  7    Str: 21    XL:     7   Next: 69%
Magic:  7/7        EV:  9    Int:  5    God:    Trog [......]
Gold:   189        SH: 10    Dex: 11    Spells: 6/6 levels left

rFire    . . .     SeeInvis .   a - +0 war axe
rCold    . . .     Gourm    .   c - +0 shield
rNeg     . . .     Faith    .   b - +0 scale mail
rPois    +         Spirit   .   (helmet restricted)
rElec    .         Reflect  .   (no cloak)
rCorr    .         Harm     .   (no gloves)
MR       .....                  (no boots)
Stlth    ..........             (no amulet)
HPRegen  0.20/turn              l - ring of poison resistance
MPRegen  0.10/turn              (no ring)

@: no status effects
A: retaliatory headbutt, horns 2
a: Burn Spellbooks, Renounce Religion


You were on level 5 of the Dungeon.
You worshipped Trog.
Trog was noncommittal.
You were not hungry.

You visited 1 branch of the dungeon, and saw 5 of its levels.
You also visited: Sewer.

You collected 189 gold pieces.

Inventory:

Hand Weapons
 a - a +0 war axe (weapon)
Armour
 b - a +0 scale mail (worn)
 c - a +0 shield (worn)
Jewellery
 l - a ring of poison resistance (left hand)
Wands
 t - a wand of paralysis (15)
Scrolls
 d - a scroll of amnesia {unknown}
 e - 6 scrolls of remove curse {unknown}
 h - 3 scrolls of teleportation {unknown}
 j - 2 scrolls of blinking {unknown}
 k - 2 scrolls of identify {unknown}
 o - 3 scrolls of random uselessness {unknown}
 p - a scroll of immolation {unknown}
 s - 2 scrolls of magic mapping {unknown}
 u - a scroll of noise {unknown}
Potions
 g - 2 potions of flight
 i - 4 potions of curing {unknown}
 m - a potion of haste {unknown}
 n - a potion of degeneration {unknown}
 q - a potion of invisibility {unknown}
 r - a potion of resistance {unknown}
 w - a potion of brilliance {unknown}
 x - a potion of mutation {unknown}
Comestibles
 f - 5 rations


   Skills:
 + Level 5.5 Fighting
 * Level 6.3 Axes
 + Level 5.4 Armour
 + Level 3.5 Dodging
 + Level 5.4 Shields
 + Level 1.3 Evocations


You had 6 spell levels left.
You didn't know any spells.

Dungeon Overview and Level Annotations

Branches:
Dungeon (5/15)
 Temple: D:4-7

Altars:
Fedhas
Kikubaaqudgha
Qazlal
Ru
Trog

Annotations:
D:4 Menkaure


Innate Abilities, Weirdness & Mutations

You reflexively headbutt those who attack you in melee.
You have a pair of horns on your head.


Message History

You hit the orc warrior but do no damage.
The orc warrior is lightly wounded.
The orc warrior hits you with a flail!
You are too injured to fight recklessly!
You are too injured to fight recklessly!
You are too injured to fight recklessly!
You closely miss the orc warrior.
The orc warrior is lightly wounded.
The orc warrior misses you.
You closely miss the orc warrior. Your headbutt misses the orc warrior.
The orc warrior is lightly wounded.
You block the orc warrior's attack.
You hit the orc warrior. Your headbutt misses the orc warrior.
The orc warrior is moderately wounded.
The orc warrior hits you with a flail!
* * * LOW HITPOINT WARNING * * *
Your scale mail prevents you from hitting the orc warrior.
The orc warrior is moderately wounded.
The orc warrior hits you with a flail!!
You die...

.###.###.#
#..(....##.......
.........#
#.#####.####...#.#
.....##### #.# #..####
###..# #.####..# #..#
#.......# ###..#
#.#####+# #....#
########.# #.#.##
##?#.#.#..# .....##
#.o@#.###.#
#.#...########.####.#..#
.............# #.###.#
#.#...######## ##.#..#
#.##(## ##.#.# #.####
###.# .....######## ..#
#.##........# .##
#.##..#####.# #


You could see an orc warrior.

Vanquished Creatures
  Grinder (D:4)
  Sigmund (D:3)
  A sky beast (D:5)
  A centaur (D:5)
  A big kobold (Sewer)
  An orc wizard (D:5)
  4 gnolls (D:3)
  A river rat (Sewer)
  8 adders
  2 oozes
  An adder zombie (D:5)
  A worm (D:2)
  A dart slug (D:3)
  5 leopard geckos
  4 orcs (D:5)
  5 bats
  6 giant cockroaches
  9 goblins
  14 hobgoblins
  2 jackals (Sewer)
  12 kobolds
  2 quokkas
  2 ball pythons
  12 rats
97 creatures vanquished.

Notes
Turn   | Place    | Note
-------+----------+-------------------------------------------
     0 | D:1      | Henning the Minotaur Fighter began the quest for the Orb.
     0 | D:1      | Reached XP level 1. HP: 19/19 MP: 0/0
    68 | D:1      | Reached XP level 2. HP: 27/27 MP: 1/1
    98 | D:1      | Reached skill level 3 in Axes
   232 | D:1      | Reached XP level 3. HP: 33/33 MP: 2/2
   466 | D:2      | Reached skill level 1 in Dodging
   875 | D:3      | Found a glowing drain.
   879 | D:3      | Reached XP level 4. HP: 40/40 MP: 3/3
   895 | Sewer    | Entered a sewer
   958 | Sewer    | Noticed a big kobold
   984 | Sewer    | Killed a big kobold
   984 | Sewer    | Reached skill level 4 in Axes
   984 | Sewer    | Reached XP level 5. HP: 11/47 MP: 4/4
  1004 | Sewer    | HP: 2/47 [poisoned by a kobold]
  1011 | Sewer    | HP: 1/47 [poisoned by a kobold]
  1019 | Sewer    | HP: 1/47 [poisoned by a kobold]
  1348 | Sewer    | Found a white marble altar of Elyvilon.
  1910 | D:3      | Noticed Sigmund
  1927 | D:3      | Killed Sigmund
  1927 | D:3      | Reached skill level 5 in Axes
  1927 | D:3      | Reached XP level 6. HP: 34/55 MP: 5/5
  2347 | D:3      | Found a blossoming altar of Fedhas.
  2347 | D:3      | Found an ancient bone altar of Kikubaaqudgha.
  2405 | D:3      | Found a sacrificial altar of Ru.
  2405 | D:3      | Found a bloodstained altar of Trog.
  2536 | D:3      | Became a worshipper of Trog the Wrathful
  2612 | D:3      | Found a stormy altar of Qazlal.
  2851 | D:4      | Reached skill level 5 in Fighting
  2861 | D:4      | Noticed Grinder
  2865 | D:4      | Paralysed by Grinder for 7 turns
  2879 | D:4      | Killed Grinder
  2879 | D:4      | Reached skill level 5 in Armour
  2879 | D:4      | Reached skill level 5 in Shields
  2879 | D:4      | Reached XP level 7. HP: 39/61 MP: 6/6
  3036 | D:4      | Noticed Menkaure
  3053 | D:5      | Entered Level 5 of the Dungeon
  3543 | D:5      | Reached skill level 6 in Axes
  3543 | D:5      | Reached skill level 1 in Evocations
  3842 | D:5      | Mangled by an orc warrior

Skill      XL: |  1  2  3  4  5  6  7 |
---------------+----------------------+-----
Axes           | 3 4 5 6 |  6.3
Armour         | 4 5 |  5.4
Dodging        | 1 2 3 |  3.5
Shields        | 4 5 |  5.4
Fighting       | 4 5 |  5.5
Evocations     | 1 |  1.3

Action                   |  1- 3 |  4- 6 |  7- 9 || total
-------------------------+-------+-------+-------++-------
Melee: War axe           |    98 |   107 |    56 ||   261
       Headbutt          |     8 |    18 |     8 ||    34
  Use: Potion            |       |     3 |       ||     3
  Eat: Chunk             |       |     7 |     3 ||    10
Armor: Scale mail        |    42 |    34 |     9 ||    85
Dodge: Dodged            |    37 |    36 |    20 ||    93
Block: Shield            |    65 |    41 |    26 ||   132
